 Dungeon Crawl Stone Soup version 0.30-a0-939-gc8157cb160 (webtiles) character file.

Game seed: 6874813611264384538

139045 Lobster4 the Thaumaturge (level 17, -9/125 HPs)
             Began as a Djinni Fire Elementalist on Mar 25, 2023.
             Was the Champion of Makhleb.
             Blown up by an orb spider (51 damage)
             ... with an orb of destruction
             ... on level 3 of the Spider Nest on Mar 26, 2023.
             The game lasted 01:58:14 (27419 turns).

Lobster4 the Thaumaturge (DjFE)                    Turns: 27419, Time: 01:58:14

Health: -9/125     AC: 12    Str:  5    XL:     17   Next: 87%
Gold:   1760       EV: 14    Int: 25    God:    Makhleb [******] SH:  0 Dex: 15

rFire   + + .      SeeInvis +    p - +8 hand axe of Pount {spect, Fly rElec rCorr Str-2}
rCold   + . .      Faith    .    y - +1 buckler {AC+3}
rNeg    . . .      Spirit   .    A - +2 robe {rC+ rF+}
rPois   ∞          Reflect  .    n - +0 helmet "Ebamo" {rC+ Str-2 Int+3 Slay+2}
rElec   +          Rampage  .    H - +2 cloak {Stlth+}
rCorr   +                        G - +2 pair of gloves
Will    ++...                    (boots unavailable)
Stlth   ++                       c - amulet of regeneration
HPRegen 1.20/turn                w - +5 ring of evasion
MPRegen 0.00/turn                t - ring of Curiosity {rF- Will+ Slay+6 SInv Stlth-}

@: spiked, corroded, flying, held, slowed, studying Axes, very slow
A: sickness immunity, fire resistance 2, cold vulnerability 1, float, innate
caster, HP casting, extra vitality 1
a: Renounce Religion, Minor Destruction, Lesser Servant of Makhleb, Major
Destruction, Greater Servant of Makhleb


You were on level 3 of the Spider Nest.
You worshipped Makhleb.
Makhleb was exalted by your worship.
You visited 5 branches of the dungeon, and saw 25 of its levels.
You also visited: Sewer and Ice Cave.

You collected 2967 gold pieces.
You spent 1207 gold pieces at shops.

Inventory:

Hand Weapons
 a - a +0 sling of freezing
 b - a +2 short sword of venom
 p - the +8 hand axe of Pount (weapon) {spect, Fly rElec rCorr Str-2}
   (You found it on level 14 of the Dungeon)

   Str:       It affects your strength (-2).
   rElec:     It insulates you from electricity.
   Fly:       It grants you flight.
   rCorr:     It protects you from acid and corrosion.
 s - a +5 dagger
 z - the +0 spear of Laenubes {flame, rPois rN++ Str-2}
   (You found it on level 14 of the Dungeon)

   Str:       It affects your strength (-2).
   rPois:     It protects you from poison.
   rN:        It greatly protects you from negative energy.
 P - the +11 falchion "Tipeinty" {heavy, rN+}
   (You found it on level 13 of the Dungeon)

   rN:        It protects you from negative energy.
Missiles
 f - 5 curare-tipped darts (quivered)
 l - 40 poisoned darts
 I - a throwing net
Armour
 m - a +2 helmet of intelligence
 n - the +0 helmet "Ebamo" (worn) {rC+ Str-2 Int+3 Slay+2}
   (You bought it in a shop on level 2 of the Orcish Mines)

   Str:       It affects your strength (-2).
   Int:       It affects your intelligence (+3).
   Slay:      It affects your accuracy & damage with ranged weapons and melee
   (+2).
   rC:        It protects you from cold.
 y - a +1 buckler of protection (worn)
 A - a +2 robe of resistance (worn)
 G - a +2 pair of gloves (worn)
 H - a +2 cloak of stealth (worn)
Jewellery
 c - an amulet of regeneration (around neck)
 j - a +6 ring of intelligence
 r - a ring of protection from cold
 t - the ring of Curiosity (right hand) {rF- Will+ Slay+6 SInv Stlth-}
   (You acquired it on level 9 of the Dungeon)

   [ring of willpower]

   Slay:      It affects your accuracy & damage with ranged weapons and melee
   (+6).
   rF:        It makes you vulnerable to fire.
   SInv:      It lets you see invisible.
   Will:      It increases your willpower.
   Stlth:     It makes you less stealthy.
 w - a +5 ring of evasion (left hand)
 L - an amulet of reflection
 N - a +6 ring of strength
 W - a ring of positive energy
Wands
 v - a wand of digging (12)
 C - a wand of paralysis (27)
 D - a wand of mindburst (14)
 K - a wand of roots (34)
 S - a wand of flame (14)
Scrolls
 g - 6 scrolls of teleportation
 u - 4 scrolls of enchant weapon
 x - 4 scrolls of identify
 B - 2 scrolls of fear
 E - 2 scrolls of blinking
 O - 2 scrolls of poison
 Q - a scroll of silence
 R - 2 scrolls of magic mapping
 T - a scroll of fog
 U - a scroll of enchant armour
Potions
 d - 9 potions of mutation
 e - 9 potions of lignification
 h - a potion of brilliance
 i - 7 potions of heal wounds
 k - 9 potions of curing
 o - 10 potions of might
 q - a potion of invisibility
 F - a potion of resistance
 J - a potion of haste
 M - 4 potions of ambrosia
Miscellaneous
 V - a box of beasts


   Skills:
 + Level 12.4 Fighting
 - Level 2.0 Short Blades
 + Level 7.7 Axes
 - Level 12.0 Ranged Weapons
 - Level 2.0 Throwing
 - Level 10.0 Armour
 - Level 10.0 Dodging
 - Level 2.0 Stealth
 + Level 11.5 Shields
 * Level 13.7 Spellcasting
 - Level 5.0 Invocations
 - Level 5.0 Evocations


You knew the following spells:

 Your Spells              Type           Power      Damage    Failure   Level
a - Foxfire               Conj/Fire      100%       2x1d9     0%          1
b - Scorch                Fire           100%       2d10      1%          2
c - Sandblast             Erth           100%       2d20      0%          1
d - Airstrike             Air            36%        2d(6-22)  1%          4
e - Flame Wave            Conj/Fire      72%        2d16      1%          4
f - Inner Flame           Hex/Fire       72%        N/A       1%          3
g - Gell's Gravitas       Tloc           72%        N/A       1%          3
h - Wereblood             Tmut           72%        N/A       1%          2
i - Call Imp              Summ           72%        N/A       1%          2
j - Yara's Violent Unrav  Hex/Tmut       36%        3d15      1%          5
k - Kindle Blastsparks    Fire/Tloc/Air  100%       2d18      1%          3
l - Summon Cactus Giant   Summ           36%        N/A       2%          6
m - Summon Hydra          Summ           36%        N/A       12%         7
Your spell library was empty.

Dungeon Overview and Level Annotations

Branches:
Dungeon (14/15)            Temple (1/1) D:4            Lair (5/5) D:10
 Shoals (0/4) Lair:3       Spider (3/4) Lair:3        Slime (0/5) Lair:5
    Orc (2/2) D:11            Elf (0/3) Orc:2        Vaults (0/5) D:13
  Sewer (visited)           IceCv (visited)

Altars:
Ashenzari
Cheibriados
Dithmenos
Elyvilon
Fedhas
Gozag
Hepliaklqana
Makhleb
Nemelex Xobeh
Okawaru
Qazlal
Ru
Trog
Uskayaw
Wu Jian
Xom
Yredelemnul
Zin
The Shining One

Shops:
D:5 :   D:10 (   D:12 *   Orc:1 =**??   Orc:2 **[(

Portals:
Abyss: Orc:1
Trove: D:12 (give 13 scrolls of teleportation)

Annotations:
D:4 1 runed translucent door, Crazy Yiuf
D:5 3 runed translucent doors, Darius099's ghost, novice MiFi; cforsyth's ghost, novice VSFi
Lair:4 1 runed translucent door, frogmoss10's ghost, journeyman HOFi
Lair:5 1 runed translucent door
Orc:1 2 transporters, jasper's ghost, journeyman DsCA


Innate Abilities, Weirdness & Mutations

You are immune to sickness and miasma.
You are immune to poison.
Your flesh is very heat resistant. (rF++)
You are vulnerable to cold. (rC-)
You float through the air rather than walking.
You learn spells naturally, not from books.
Your magical power is your life essence.
You have superior vitality. (+4 MHP)


Message History

The flame wave engulfs the culicivora!
You kill the culicivora!
Makhleb accepts your kill.
You feel better.
The flame wave engulfs the steelbarb worm!
The steelbarb worm resists.
The steelbarb worm is moderately wounded.
You hear a faint skittering sound.
The jorogumo hits you! The pharaoh ant bites you!!
A radroach comes into view.
The steelbarb worm closely misses you. The jorogumo casts a spell at you.
The stream of webbing hits you but does no damage.
You are even more entangled.
The orb spider weaves a glowing orb of energy.
The steelbarb worm hits you.
Barbed spikes become lodged in your body.
The pharaoh ant bites you!
An orb of destruction comes into view.
A wave of flame ripples out!
The flame wave engulfs the jorogumo!
The jorogumo is almost dead.
The flame wave engulfs the jumping spider!
The jumping spider is moderately wounded.
The flame wave engulfs the pharaoh ant!
You destroy the pharaoh ant!
Makhleb accepts your kill.
The pharaoh ant binds the souls of nearby monsters.
The flame wave engulfs the steelbarb worm!
The steelbarb worm resists.
The steelbarb worm is moderately wounded.
The flame wave engulfs the orb spider!
The orb spider is moderately wounded.
The flame wave engulfs the orb spider!
The orb spider is moderately wounded.
You finish channelling waves of flame.
You hear a hideous shriek!
You hear a faint skittering sound.
You hear a skittering sound.
You hear a faint skittering sound.
You hear a skittering sound. x2; You hear a faint skittering sound.
The orb of destruction hits you!!!
You die...

...............
...............
.....^...#.....
.............B.
.......s.s...^.
........○....?.
...^..H†○......
......s@.†#
...#....w....^.
...........w...
...#....#).....
......^.#......
....#..w^......
..#...... ....#
......... .....


You could see a jorogumo (soul bound), a radroach (soul bound), 2 steelbarb
worms, a torpor snail (soul bound), 2 orb spiders and a jumping spider (soul
bound).

Vanquished Creatures
  A sphinx (D:14)
  Kirke (Lair:3)
  A storm dragon (D:14)
  3 azure jellies (IceCv)
  A rockslime (IceCv)
  An emperor scorpion (Spider:2)
  An orc warlord (Orc:1)
  A broodmother (Lair:3)
  A very ugly thing (D:13)
  3 quicksilver oozes (IceCv)
  A spark wasp (Spider:2)
  A crystal guardian (D:14)
  A yaktaur captain (D:13)
  5 hydras
  5 entropy weavers
  A rakshasa (D:13)
  Erolcha (D:11)
  A jorogumo (Spider:1)
  2 death knights (D:13)
  6 centaur warriors
  2 catoblepae (Lair:5)
  5 boulder beetles
  7 two-headed ogres
  10 death yaks
  2 tengu warriors
  Urug (D:10)
  Sonja (D:10)
  A deep elf knight (D:14)
  A fire crab (shapeshifter) (D:14)
  A skyshark (Lair:5)
  3 pharaoh ants
  4 skeletal warriors
  3 goliath frogs (Lair:5)
  A deep troll (D:14)
  An orb spider (Spider:1)
  A flayed ghost (D:13)
  A sun moth (Spider:2)
  2 orange crystal statues (IceCv)
  A phantasmal warrior (D:14)
  A deep elf zephyrmancer (D:13)
  An orc knight (Orc:2)
  4 lindwurms (Lair:5)
  2 deep elf pyromancers (D:14)
  A wizard (D:13)
  A harpy (shapeshifter) (D:14)
  3 orc sorcerers
  7 wolf spiders
  8 ugly things
  7 manticores
  5 cyclopes
  A moth of wrath (Spider:2)
  14 elephants
  Maurice (D:11)
  3 black mambas
  3 gargoyles
  A demonic crawler (Spider:1)
  2 rime drakes (Lair:4)
  21 cane toads
  2 torpor snails
  An unseen horror (D:11)
  4 komodo dragons
  3 freezing wraiths
  6 trolls
  A tengu conjurer (D:14)
  3 polar bears (Lair:4)
  2 tyrant leeches (Lair:5)
  Prince Ribbit (D:6)
  16 tarantellas
  23 blink frogs
  13 culicivoras
  5 jumping spiders
  A shadow (D:12)
  31 slime creatures
  A centaur simulacrum (D:13)
  3 wraiths
  5 wyverns
  2 hogs (Lair:3)
  3 basilisks
  42 yaks
  Grum (D:8)
  5 vampire mosquitoes (Lair:5)
  28 redbacks
  2 steam dragons
  A warg (D:11)
  An acid dragon (D:11)
  10 water moccasins
  3 black bears
  A sky beast (D:7)
  28 orc warriors
  A black bear (shapeshifter) (D:13)
  5 great orb of eyes simulacra (IceCv)
  9 ogres
  13 centaurs
  8 wolves
  4 slime creature simulacra (IceCv)
  A phantom (D:5)
  19 bullfrogs
  7 kobold brigands
  3 gnoll sergeants
  6 scorpions
  6 glowing shapeshifter simulacra (IceCv)
  17 wights
  4 killer bees (D:7)
  An electric eel (Lair:4)
  4 howler monkeys
  2 jellies
  12 orc priests
  4 hounds
  Ijyb (D:5)
  2 sleepcaps (D:5)
  4 iguanas
  19 orc wizards
  12 adders
  16 gnolls
  5 river rats
  A shadow imp (D:7)
  2 white imps
  2 ufetubi
  6 worms
  3 dart slugs
  86 orcs
  12 endoplasms
  6 giant cockroaches
  4 goblins
  6 hobgoblins
  8 jackals
  6 quokkas
  17 ball pythons
  5 bats
  9 frilled lizards
  59 kobolds
  31 rats
868 creatures vanquished.

Vanquished Creatures (collateral kills)
  A sphinx (D:14)
  A tengu reaver (D:14)
  Agnes (Spider:2)
  An emperor scorpion (Spider:1)
  A spark wasp (Spider:2)
  A yaktaur captain (D:14)
  2 radroaches (Spider:2)
  2 orb spiders (Spider:2)
  A wolf spider (Spider:2)
  A demonic crawler (Spider:2)
  3 meliai (Spider:2)
  2 tarantellas
  A jumping spider (Spider:2)
  A culicivora (Spider:2)
  3 redbacks (Spider:2)
  7 foxfires
29 creatures vanquished.

Vanquished Creatures (others)
  3 humans (Lair:3)
  A scorpion (Lair:3)
  2 orc wizards
  An orc (Orc:1)
  832 foxfires
  26 fungi
  135 plants
1000 creatures vanquished.

Grand Total: 1897 creatures vanquished

Notes
Turn   | Place    | Note
-------+----------+-------------------------------------------
     0 | D:1      | Lobster4 the Djinni Fire Elementalist began the quest for
                  | the Orb.
     0 | D:1      | Lobster4 set off with the following spells memorised:
                  | Foxfire, Scorch, Kindle Blastsparks, Inner Flame, Flame
                  | Wave.
     0 | D:1      | Reached XP level 1. HP: 15/15 MP: 0/0
    75 | D:1      | Reached XP level 2. HP: 14/21 MP: 0/0
   384 | D:1      | Reached XP level 3. HP: 18/26 MP: 0/0
   384 | D:1      | Learned a level 1 spell: Sandblast
  1093 | D:2      | Reached skill level 1 in Armour
  1154 | D:2      | Reached skill level 1 in Fighting
  1154 | D:2      | Reached XP level 4. HP: 28/32 MP: 0/0
  1539 | D:3      | You are sucked into a shaft and drop 2 floors!
  1539 | D:5      | Entered Level 5 of the Dungeon
  1548 | D:5      | Found a runed translucent gate.
  1548 | D:5      | Found a runed translucent gate.
  1548 | D:5      | Found a runed translucent gate.
  1551 | D:5      | Noticed Darius099's ghost (novice MiFi)
  1551 | D:5      | Noticed cforsyth's ghost (novice VSFi)
  1585 | D:5      | Found Beptiw's Vocational Training.
  1591 | D:5      | Noticed a water moccasin
  1595 | D:5      | Killed a water moccasin
  1596 | D:5      | Reached skill level 1 in Short Blades
  1596 | D:5      | Reached skill level 3 in Spellcasting
  1596 | D:5      | Reached XP level 5. HP: 32/37 MP: 0/0
  1596 | D:5      | Learned a level 2 spell: Call Imp
  1617 | D:4      | Found a staircase to the Ecumenical Temple.
  1626 | Temple   | Entered the Ecumenical Temple
  1690 | Temple   | Became a worshipper of Makhleb the Destroyer
  1836 | D:3      | Reached XP level 6. HP: 16/43 MP: 0/0
  2066 | D:3      | Found a sparkling altar of Nemelex Xobeh.
  2374 | D:3      | Found a blossoming altar of Fedhas.
  2465 | D:3      | Reached * piety under Makhleb
  2804 | D:3      | Reached skill level 1 in Ranged Weapons
  2804 | D:3      | Reached XP level 7. HP: 47/49 MP: 0/0
  2804 | D:3      | Learned a level 2 spell: Wereblood
  3214 | D:4      | Found a runed translucent door.
  3215 | D:4      | Noticed Crazy Yiuf
  3551 | D:4      | Reached ** piety under Makhleb
  3555 | D:4      | Reached skill level 4 in Spellcasting
  4305 | D:4      | Reached XP level 8. HP: 51/56 MP: 0/0
  4464 | D:5      | Reached skill level 1 in Evocations
  4594 | D:5      | Reached skill level 1 in Throwing
  4611 | D:5      | Noticed Ijyb
  4618 | D:5      | Killed Ijyb
  5297 | D:6      | Noticed Prince Ribbit
  5298 | D:6      | Reached skill level 5 in Spellcasting
  5298 | D:6      | Reached XP level 9. HP: 59/62 MP: 0/0
  5298 | D:6      | Learned a level 3 spell: Gell's Gravitas
  5304 | D:6      | Killed Prince Ribbit
  5305 | D:6      | Reached skill level 5 in Dodging
  5336 | D:6      | Reached *** piety under Makhleb
  5471 | D:6      | Found a glowing drain.
  5476 | Sewer    | Entered a sewer
  5795 | Sewer    | Reached **** piety under Makhleb
  6129 | D:6      | Reached skill level 1 in Shields
  6355 | D:6      | Reached XP level 10. HP: 54/69 MP: 0/0
  6507 | D:7      | Reached skill level 6 in Spellcasting
  6607 | D:7      | Reached ***** piety under Makhleb
  6678 | D:7      | Identified the +0 chain mail of Waaduz {rPois rC+ rN+}
  6718 | D:7      | Reached skill level 5 in Fighting
  6718 | D:7      | Reached skill level 5 in Ranged Weapons
  6718 | D:7      | Reached skill level 1 in Invocations
  6935 | D:7      | Reached skill level 5 in Armour
  7312 | D:8      | Noticed Grum
  7323 | D:8      | Killed Grum
  7348 | D:8      | Found a sacrificial altar of Ru.
  7385 | D:8      | Found a hazy altar of Hepliaklqana.
  7525 | D:8      | Found a white marble altar of Elyvilon.
  7528 | D:8      | Found a shimmering altar of Xom.
  8087 | D:9      | Found an ornate altar of the Wu Jian Council.
  8097 | D:9      | Identified a scroll of acquirement
  8097 | D:9      | Acquired the ring of Curiosity {rF- Will+ Slay+6 SInv
                  | Stlth-}
  8367 | D:9      | Noticed a two-headed ogre
  8379 | D:9      | Killed a two-headed ogre
  8380 | D:9      | Reached skill level 7 in Spellcasting
  8380 | D:9      | Reached XP level 11. HP: 76/76 MP: 0/0
  8380 | D:9      | Learned a level 4 spell: Airstrike
  8796 | D:10     | Entered Level 10 of the Dungeon
  8844 | D:10     | Noticed Urug
  8846 | D:10     | Noticed Sonja
  9075 | D:10     | Found a staircase to the Lair.
  9101 | D:10     | Killed Urug
  9306 | D:10     | Found Tassour's Weapon Shoppe.
  9337 | D:10     | Found a shadowy altar of Dithmenos.
  9533 | D:10     | Killed Sonja
  9612 | D:11     | Noticed Maurice
  9616 | D:11     | Killed Maurice
  9724 | D:11     | Noticed Erolcha
  9729 | D:11     | Noticed a boulder beetle
  9851 | D:11     | Noticed a two-headed ogre
  9855 | D:11     | Killed a two-headed ogre
  9907 | D:11     | Found a staircase to the Orcish Mines.
 10015 | D:11     | Killed a boulder beetle
 10063 | D:11     | Killed Erolcha
 10064 | D:11     | Reached skill level 8 in Spellcasting
 10064 | D:11     | Reached XP level 12. HP: 75/84 MP: 0/0
 10174 | D:11     | Noticed a two-headed ogre
 10184 | D:11     | Killed a two-headed ogre
 10185 | D:11     | Reached skill level 5 in Shields
 10190 | D:11     | Noticed a boulder beetle
 10203 | D:11     | Killed a boulder beetle
 10529 | Orc:1    | Entered Level 1 of the Orcish Mines
 10529 | Orc:1    | Found Sasa's Magic Scroll Shoppe.
 10537 | Orc:1    | Noticed an orc warlord
 10539 | Orc:1    | Noticed a soul eater
 10606 | Lair:1   | Entered Level 1 of the Lair of Beasts
 10613 | Lair:1   | Noticed a death yak
 10614 | Lair:1   | Noticed a death yak
 10625 | Lair:1   | Killed a death yak
 10633 | Lair:1   | Noticed a death yak
 10642 | Lair:1   | Killed a death yak
 10645 | Lair:1   | Noticed a death yak
 10645 | Lair:1   | Noticed a death yak
 10658 | D:10     | Killed a death yak
 10731 | D:10     | Killed a death yak
 10737 | D:10     | Killed a death yak
 11496 | Lair:2   | Noticed a six-headed hydra
 11502 | Lair:2   | Killed a six-headed hydra
 11503 | Lair:2   | Reached skill level 9 in Spellcasting
 11503 | Lair:2   | Reached XP level 13. HP: 51/92 MP: 0/0
 11503 | Lair:2   | Learned a level 5 spell: Yara's Violent Unravelling
 11822 | Lair:2   | Noticed a six-headed hydra
 11831 | Lair:2   | Killed a six-headed hydra
 12826 | Lair:3   | Noticed Kirke
 12841 | Lair:3   | Killed Kirke
 12912 | Lair:3   | Found a hole to the Spider Nest.
 12980 | Lair:3   | Found a staircase to the Shoals.
 13408 | Lair:4   | Reached ****** piety under Makhleb
 13486 | Lair:4   | Found a runed translucent door.
 13487 | Lair:4   | Noticed frogmoss10's ghost (journeyman HOFi)
 13602 | Lair:4   | Reached XP level 14. HP: 86/99 MP: 0/0
 13972 | Lair:4   | Reached skill level 10 in Spellcasting
 14290 | Lair:5   | Entered Level 5 of the Lair of Beasts
 14295 | Lair:4   | Reached skill level 10 in Ranged Weapons
 14479 | Lair:5   | Reached skill level 10 in Dodging
 14480 | Lair:5   | Reached skill level 5 in Evocations
 14703 | Lair:5   | Reached XP level 15. HP: 74/107 MP: 0/0
 14703 | Lair:5   | Learned a level 6 spell: Summon Cactus Giant
 14757 | Lair:5   | Reached skill level 11 in Spellcasting
 14954 | Lair:5   | Found a runed translucent door.
 14954 | Lair:5   | Noticed an acid blob
 14955 | Lair:5   | Found a staircase to the Slime Pits.
 14955 | Lair:5   | Noticed an acid blob
 14955 | Lair:5   | Noticed an acid blob
 15658 | D:12     | Found Buerchait's Assorted Antiques.
 15666 | D:12     | Bought a scroll labelled ZYPLIFE GUIK for 36 gold pieces
 15692 | D:12     | Reached skill level 10 in Fighting
 15929 | D:12     | Found a portal to a secret trove of treasure.
 16603 | D:13     | Reached skill level 10 in Armour
 17425 | D:13     | Identified the +11 falchion "Tipeinty" {heavy, rN+}
 17460 | D:13     | Noticed a brown very ugly thing
 17468 | D:13     | Killed a brown very ugly thing
 17675 | D:13     | Found a gate to the Vaults.
 18073 | D:13     | Identified the +0 war axe of the Iron City of Dis {vamp,
                  | rElec Str+4 Stlth+}
 18251 | D:13     | Reached skill level 1 in Axes
 18251 | D:13     | Reached skill level 12 in Spellcasting
 18449 | D:14     | Reached XP level 16. HP: 113/115 MP: 0/0
 18495 | D:14     | Found a frozen archway.
 18537 | IceCv    | Entered an ice cave
 19675 | IceCv    | Noticed an azure jelly
 19678 | IceCv    | Noticed an azure jelly
 19762 | IceCv    | Killed an azure jelly
 19764 | IceCv    | Killed an azure jelly
 19793 | IceCv    | Found a viscous altar of Jiyva.
 19797 | IceCv    | Noticed an azure jelly
 19797 | IceCv    | Noticed a rockslime
 19806 | IceCv    | Killed a rockslime
 19811 | IceCv    | Killed an azure jelly
 19812 | IceCv    | Reached skill level 10 in Shields
 19857 | IceCv    | Identified the +2 cloak "Fuxiz" {Harm Rampage rPois rF-}
 19991 | IceCv    | HP: 5/116 [quicksilver ooze[an orange crystal statue] (17)]
 21401 | D:14     | Noticed a sphinx
 21411 | D:14     | Paralysed by a sphinx for 5 turns
 21431 | D:14     | Killed a sphinx
 21790 | D:14     | HP: 1/116 [crystal guardian/crystal bolt (42)]
 21998 | D:14     | Identified the +8 hand axe of Pount {spect, Fly rElec rCorr
                  | Str-2}
 22025 | D:14     | Noticed a storm dragon
 22026 | D:14     | Noticed a tengu reaver
 22088 | D:14     | Killed a storm dragon
 22089 | D:14     | Killed a tengu reaver
 22310 | D:14     | Noticed a sphinx
 22337 | D:14     | Killed a sphinx
 22343 | D:14     | Identified the +0 spear of Laenubes {flame, rPois rN++
                  | Str-2}
 22802 | Orc:1    | Reached skill level 5 in Axes
 23046 | Orc:1    | Bought a scroll of fear for 68 gold pieces
 23046 | Orc:1    | Bought a scroll of blinking for 127 gold pieces
 23046 | Orc:1    | Bought a scroll of teleportation for 51 gold pieces
 23046 | Orc:1    | Bought a scroll of poison for 68 gold pieces
 23069 | Orc:1    | Found Ykaity Ythra's Magic Scroll Emporium.
 23078 | Orc:1    | Bought a scroll of teleportation for 42 gold pieces
 23078 | Orc:1    | Bought a scroll of enchant armour for 105 gold pieces
 23385 | Orc:1    | You are sucked into a shaft and drop 1 floor!
 23385 | Orc:2    | Entered Level 2 of the Orcish Mines
 23427 | Orc:1    | Found Offeruu's Assorted Antiques.
 23430 | Orc:1    | Bought a bloodstained leather armour for 196 gold pieces
 23430 | Orc:1    | Identified the +2 leather armour of Generosity {rN+ Str+5
                  | Int-2} (You bought it in a shop on level 1 of the Orcish
                  | Mines)
 23433 | Orc:1    | Bought a scroll of blinking for 210 gold pieces
 23445 | Orc:1    | Identified the +0 longbow "Loul" {flame, rElec rF+ rC+
                  | Dex-3}
 23447 | Orc:1    | Found a one-way gate to the infinite horrors of the Abyss.
 23453 | Orc:1    | Found a transporter.
 23460 | Orc:1    | Noticed jasper's ghost (journeyman DsCA)
 23486 | Orc:1    | Found a transporter.
 23612 | Orc:1    | Found Sucut's Jewellery Boutique.
 23644 | Orc:1    | Found Mayman's General Store.
 24482 | Orc:2    | Found a staircase to the Elven Halls.
 24678 | Orc:2    | Reached XP level 17. HP: 115/121 MP: 0/0
 24678 | Orc:2    | Learned a level 7 spell: Summon Hydra
 25040 | Orc:2    | Found Debo's General Store.
 25040 | Orc:2    | Found Jargh's Antique Armour Boutique.
 25042 | Orc:2    | Found Duinlat's Antique Weapon Shop.
 25044 | Orc:2    | Found Wyserpho's Assorted Antiques.
 25048 | Orc:2    | Bought a scroll of teleportation for 48 gold pieces
 25056 | Orc:2    | Bought a bloodstained helmet for 256 gold pieces
 25056 | Orc:2    | Identified the +0 helmet "Ebamo" {rC+ Str-2 Int+3 Slay+2}
                  | (You bought it in a shop on level 2 of the Orcish Mines)
 25491 | Spider:1 | Entered Level 1 of the Spider Nest
 25496 | Spider:1 | Reached skill level 5 in Invocations
 25501 | Lair:3   | Reached skill level 13 in Spellcasting
 26474 | Spider:2 | Noticed Agnes
 27051 | Spider:2 | Killed Agnes
 27419 | Spider:3 | Blown up by an orb spider

Illustrated notes

Levels and vault maps discovered:
D:1:      roderic_chinese_lattice_arrival, layout_loops_ring, feat_on_display
D:2:      layout_rooms
D:3:      minmay_octagon_keep, layout_basic, nemelex_dance_club_becter,
          fedhas_altar_1
D:4:      kennysheep_kobold_camp, layout_loops_corners,
          minmay_temple_entry_statues_fountains, uniq_crazy_yiuf_cottage
D:5:      layout_loops_ring, gammafunk_ghost_cemetery, chequers_big_river,
          nicolae_shop_vocational, uniq_ijyb
D:6:      layout_loops_cross, lightli_sewer_entry_pipes, uniq_prince_ribbit1
D:7:      layout_rooms, minmay_misc_feat_rugged, kennysheep_generic_room_10
D:8:      layout_loops_ring, grunt_temple_overflow_open,
          nicolae_hepliaklqana_hazy_memory, mainiacjoe_overflow_small_starburst,
          minmay_misc_feat_rows, uniq_grum
D:9:      layout_roguey, mainiacjoe_overflow_paths,
          mainiacjoe_overflow_tiny_flanked, minmay_misc_feat_alley
D:10:     layout_basic, mainiacjoe_overflow_24_doors, lair_entry_dummy,
          serial_shops, nicolae_diamond_shop, uniq_urug, uniq_sonja
D:11:     layout_irregular_city, david_orc_2, serial_column_ruins,
          column_ruins_hut, column_ruins_hut, column_ruins_corridor_corner,
          column_ruins_columns_water, column_ruins_grid_1,
          column_ruins_corridor_water, column_ruins_corridor_corner,
          uniq_maurice, uniq_erolcha
D:12:     layout_roguey, enter_trove_0, serial_shops, nicolae_shop_statue_plus,
          library_closet
D:13:     minmay_expanding_squares, layout_rooms, david_vaults_1,
          lemuel_blue_sif_altar
D:14:     minmay_tearing_corner, layout_basic, portal_ice_cave_entry_pillars_2
Temple:   nicolae_temple_god_jail
Lair:1:   layout_roguey, lemuel_fruit_tree, serial_bayou_shore_b
Lair:2:   layout_long_grid
Lair:3:   layout_loops_ring, shoals_dummy_entry,
          nicolae_spider_entry_non_spiders, grunt_megastairs_5, uniq_kirke
Lair:4:   layout_gridlike, gammafunk_ghost_grave,
          chequers_serial_rivers_micro_c, beast_lair_carwin_6,
          grunt_megastairs_3
Lair:5:   minmay_lair_end_frog_pond, layout_layer_cave, slime_entry_2,
          minmay_lindwurm_lava
Spider:1: layout_spider_delve
Spider:2: layout_spider_delve, uniq_agnes
Spider:3: layout_spider_delve
Orc:1:    layout_caves, serial_shops, shop, shop, shop, shop, shop,
          gammafunk_ghost_abyssal_escape, guppyfry_library_mini
Orc:2:    st_orc_rangers, layout_diamond_mine, rock_pile

Skill      XL: |  1  2  3  4  5  6  7  8  9 10 11 12 13 14 15 16 17 |
---------------+----------------------------------------------------+-----
Armour         | 1 2 3 4 5 6 7 8 9 10 | 10.0
Fighting       | 1 2 3 4 5 6 7 8 9 10 11 12 | 12.4
Short Blades   | 1 2 |  2.0
Stealth        | 2 |  2.0
Spellcasting   | 3 4 5 7 8 9 10 12 13 | 13.7
Dodging        | 3 4 5 6 7 8 9 10 | 10.0
Ranged Weapons | 1 2 3 4 6 7 8 9 10 11 12 | 12.0
Evocations     | 2 3 4 5 |  5.0
Throwing       | 1 2 |  2.0
Shields        | 1 3 4 6 7 8 9 10 11 | 11.5
Invocations    | 2 3 4 5 |  5.0
Axes           | 1 5 7 |  7.7

Action                     |  1- 3 |  4- 6 |  7- 9 | 10-12 | 13-15 | 16-18 || total
---------------------------+-------+-------+-------+-------+-------+-------++-------
  Melee: Short sword       |     6 |     2 |     2 |       |       |       ||    10
         War axe           |       |       |       |       |       |     1 ||     1
         Hand axe          |       |       |       |       |       |    52 ||    52
   Fire: Sling             |       |       |       |       |     7 |       ||     7
  Throw: Dart              |       |       |       |     4 |       |     7 ||    11
   Cast: Foxfire           |    78 |    42 |   239 |   126 |     7 |    20 ||   512
         Scorch            |     3 |    55 |   105 |   116 |    35 |    44 ||   358
         Call Imp          |       |       |     1 |       |       |     1 ||     2
         Flame Wave        |       |       |     2 |       |     1 |    19 ||    22
         Gell's Gravitas   |       |       |     2 |    19 |    29 |    14 ||    64
         Airstrike         |       |       |       |   147 |   536 |   594 ||  1277
         Inner Flame       |       |       |       |       |     7 |       ||     7
         Summon Cactus Gia |       |       |       |       |       |    21 ||    21
         Summon Hydra      |       |       |       |       |       |    16 ||    16
  Evoke: Wand              |       |       |     3 |     4 |     1 |     4 ||    12
         Box of beasts     |       |       |       |       |       |     1 ||     1
    Use: Scroll            |       |       |    14 |    11 |    11 |     8 ||    44
         Potion            |       |       |     1 |       |     2 |     6 ||     9
   Stab: Distracted        |       |       |       |       |       |     1 ||     1
         Sleeping          |       |       |       |       |       |     1 ||     1
 Armour: Robe              |     2 |     9 |     6 |    11 |    36 |    76 ||   140
         Steam dragon scal |       |       |       |     9 |       |       ||     9
  Dodge: Dodged            |    14 |    14 |    45 |    89 |   156 |   268 ||   586
  Block: Other             |       |       |       |     3 |       |       ||     3
         Buckler           |       |       |       |       |    10 |   159 ||   169
         Reflection        |       |       |       |       |     4 |    27 ||    31

Table legend: (Time is in decaauts)
 A = Elapsed time spent in this place.
 B = Non-inter-level travel time spent in this place.
 C = Inter-level travel time spent in this place.
 D = Time resting spent in this place.
 E = Time spent auto-exploring this place.
 F = Levels seen in this place.
 G = Mean time per level.
                   A        B        C        D        E       F      G
               +--------+--------+--------+--------+--------+-----+--------+
         Total |  27401 |  26170 |   1231 |   4351 |  15664 |  27 | 1014.9 |
       Dungeon |  15855 |  15130 |    725 |   2499 |   9538 |  14 | 1132.5 |
        Temple |     73 |     73 |      0 |      0 |     47 |   1 |   73.0 |
          Lair |   4975 |   4709 |    266 |    518 |   3136 |   5 |  995.0 |
   Spider Nest |   1806 |   1695 |    111 |    213 |   1045 |   3 |  602.0 |
  Orcish Mines |   2429 |   2301 |    128 |    415 |   1479 |   2 | 1214.5 |
         Sewer |    363 |    363 |      0 |      0 |    179 |   1 |  363.0 |
      Ice Cave |   1897 |   1897 |      0 |    706 |    240 |   1 | 1897.0 |
               +--------+--------+--------+--------+--------+-----+--------+

Top non-repeatable levels by time:
    D:14: 2163 daAuts
   IceCv: 1897 daAuts
    D:13: 1700 daAuts
   Orc:2: 1581 daAuts
    D:11: 1471 daAuts
  Lair:3: 1418 daAuts
     D:4: 1333 daAuts
     D:3: 1306 daAuts
    D:12: 1173 daAuts
     D:5: 1032 daAuts
  Lair:5: 992 daAuts
  Lair:4: 984 daAuts
     D:1: 966 daAuts
    D:10: 965 daAuts
     D:8: 960 daAuts
